 Dungeon Crawl Stone Soup version 0.31.0 (webtiles) character file.

Game seed: 1511081729725501384

41993 howech the Severer (level 13, -5/117 HPs)
             Began as a Minotaur Berserker on Jan 19, 2024.
             Was an Elder of Trog.
             Slain by a six-headed hydra (11 damage)
             ... on level 4 of the Lair of Beasts.
             The game lasted 00:51:09 (14870 turns).

howech the Severer (Minotaur Berserker)            Turns: 14870, Time: 00:51:09

Health: -5/117     AC: 16    Str: 21    XL:     13   Next: 83%
Magic:  12/12      EV: 14    Int: 10    God:    Trog [****..]
Gold:   749        SH:  0    Dex: 17    Spells: 12/12 levels left

rFire   . . .        a - +10 broad axe of Conscience {flame, Will- rCorr Int+4 Dex+3}
rCold   + . .        (no shield)
rNeg    . . .        v - +4 scale mail {rPois}
rPois   +            (helmet restricted)
rElec   .            e - +1 cloak
rCorr   +            (no gloves)
SInv    .            P - +0 pair of boots
Will    .....        K - amulet of the acrobat Stlth
                     y - ring of protection from cold
HPRegen 0.39/turn    (no ring)
MPRegen 0.13/turn

%: acrobat
@: on berserk cooldown, slowed, very slow
A: horns 2, retaliatory headbutt
a: Renounce Religion, Berserk, Trog's Hand, Brothers in Arms


You were on level 4 of the Lair of Beasts.
You worshipped Trog.
Trog was greatly pleased with you.
You visited 3 branches of the dungeon, and saw 16 of its levels.
You also visited: Gauntlet.

You collected 1028 gold pieces.
You spent 279 gold pieces at shops.

Inventory:

Hand Weapons
 a - the +10 broad axe of Conscience (weapon) {flame, Will- rCorr Int+4 Dex+3}
   (You bought it in a shop on level 10 of the Dungeon)

   Int+4:     It affects your intelligence (+4).
   Dex+3:     It affects your dexterity (+3).
   Will-:     It decreases your willpower.
   rCorr:     It protects you from acid and corrosion.
 b - the +7 whip of Wicrop {flame, rC+ Int+3 Dex-3}
   (You found it on level 4 of the Dungeon)

   Int+3:     It affects your intelligence (+3).
   Dex-3:     It affects your dexterity (-3).
   rC+:       It protects you from cold.
 k - a +3 longbow of flaming
 T - a +0 lajatang
Missiles
 i - 17 poisoned darts (quivered)
 s - 16 boomerangs
 C - 2 throwing nets
 Y - 5 silver javelins
Armour
 e - a +1 cloak (worn)
 g - a +0 chain mail
 r - a scarf of invisibility
 t - a +0 plate armour
 v - a +4 scale mail of poison resistance (worn)
 P - a +0 pair of boots (worn)
 U - the +1 pair of gloves "Agehyb" {Harm Str+3 Int-5}
   (You found it in a Gauntlet)

   Str+3:     It affects your strength (+3).
   Int-5:     It affects your intelligence (-5).
   Harm:      It increases damage dealt and taken.
Jewellery
 h - a ring of fire
 y - a ring of protection from cold (left hand)
 G - an amulet of regeneration
 I - a ring of ice
 K - an amulet of the acrobat (around neck)
 R - a ring of positive energy
 X - a ring of protection from fire
Wands
 u - a wand of iceblast (10)
 w - a wand of flame (25)
 F - a wand of paralysis (12)
 L - a wand of polymorph (6)
 M - a wand of light (5)
 O - a wand of mindburst (21)
Scrolls
 m - 2 scrolls of revelation
 p - a scroll of butterflies
 q - a scroll of vulnerability
 z - 2 scrolls of identify
 A - 3 scrolls of teleportation
 E - a scroll of enchant armour
 N - a scroll of blinking
 V - a scroll of fog
 Z - a scroll of fear
Potions
 c - a potion of berserk rage
 d - a potion of attraction
 f - 2 potions of might
 j - 3 potions of curing
 l - 4 potions of enlightenment
 n - a potion of mutation
 D - a potion of cancellation
 J - 2 potions of ambrosia
 Q - a potion of lignification
Miscellaneous
 W - a tin of tremorstones (2/2)


   Skills:
 + Level 11.7 Fighting
 * Level 15.6(16.9) Axes
 + Level 10.9(14.6) Maces & Flails
 - Level 5.0 Throwing
 + Level 9.3 Armour
 + Level 8.5 Dodging
 + Level 9.0 Shields
 - Level 0.2 Spellcasting
 + Level 7.6 Evocations


You had 12 spell levels left.
You didn't know any spells.
Your spell library was empty.

Dungeon Overview and Level Annotations

Branches:
Dungeon (10/15)            Temple (1/1) D:7            Lair (5/5) D:9
 Shoals (0/4) Lair:3        Snake (0/4) Lair:3        Slime (0/5) Lair:4
Gauntlet (visited)
    Orc: D:9-12

Altars:
Ashenzari
Cheibriados
Dithmenos
Elyvilon
Fedhas
Gozag
Hepliaklqana
Kikubaaqudgha
Makhleb
Nemelex Xobeh
Okawaru
Qazlal
Ru
Sif Muna
Trog
Uskayaw
Vehumet
Wu Jian
Xom
Yredelemnul
Zin
The Shining One
Jiyva

Shops:
D:3 *   D:10 (

Annotations:
D:3 1 runed translucent door, Vadun's ghost, amateur TeFi
D:6 1 runed translucent door


Innate Abilities, Weirdness & Mutations

You have a pair of horns on your head.
You reflexively headbutt those who attack you in melee.


Message History

The seven-headed hydra bites you.
The seven-headed hydra barely misses you.
The seven-headed hydra bites you.
The seven-headed hydra barely misses you.
You completely miss the seven-headed hydra.
The seven-headed hydra bites you.
The seven-headed hydra closely misses you.
The seven-headed hydra bites you.
* * * LOW HITPOINT WARNING * * *
The seven-headed hydra bites you but does no damage.
The seven-headed hydra misses you.
The seven-headed hydra bites you but does no damage.
The seven-headed hydra barely misses you.
You lop one of the seven-headed hydra's heads off!
The flame cauterises the wound!
You slice the six-headed hydra!! You burn the six-headed hydra.
The six-headed hydra is moderately wounded.
The six-headed hydra bites you but does no damage.
The six-headed hydra closely misses you.
The six-headed hydra bites you.
* * * LOW HITPOINT WARNING * * *
The six-headed hydra barely misses you. The six-headed hydra bites you.
* * * LOW HITPOINT WARNING * * *
The six-headed hydra bites you but does no damage.
The six-headed hydra bites you.
* * * LOW HITPOINT WARNING * * *
The six-headed hydra bites you.
* * * LOW HITPOINT WARNING * * *
The six-headed hydra closely misses you.
The six-headed hydra bites you!
* * * LOW HITPOINT WARNING * * *
The six-headed hydra closely misses you.
The six-headed hydra bites you.
* * * LOW HITPOINT WARNING * * *
Unknown command.
You feel better. The six-headed hydra misses you.
The six-headed hydra bites you!
* * * LOW HITPOINT WARNING * * *
The six-headed hydra bites you!
You die...

### ###### ########## ##.## ####
###.#..######..##.#..###...###P..
...........##...D÷.....##........
...........###..@÷.....#.....P...
............#..÷.÷....##.........
#.#..#.............#.###.........
#######...>........#####.....P...
# ##.............P.###........ ##
#.:...###........##.....#..# P#
#.....# #........P##....#... .#
##.....# #........###........ .##
#....### ##.......# #........


You could see a six-headed hydra.

Vanquished Creatures
  Nessos (Lair:4)
  A minotaur (Gauntlet)
  3 hydras
  2 catoblepae
  A two-headed ogre (D:9)
  7 death yaks (Lair:5)
  Nergalle (D:10)
  3 skysharks
  Pikel (D:7)
  3 oklob plants
  A moth of wrath (Gauntlet)
  11 elephants
  2 black mambas
  A rust devil (Gauntlet)
  A gargoyle (Gauntlet)
  11 cane toads
  2 molten gargoyles (Gauntlet)
  A torpor snail (Lair:5)
  A rime drake (Lair:4)
  7 komodo dragons
  3 merfolk (Lair:3)
  A polar bear (Lair:2)
  14 blink frogs
  6 dream sheep
  2 wyverns
  A ynoxinul (Gauntlet)
  41 yaks
  3 steam dragons
  A warg (D:9)
  Eustachio (D:4)
  2 redbacks (Gauntlet)
  Edmund (D:4)
  4 nagas (Lair:3)
  12 water moccasins
  2 ice beasts
  2 black bears
  An orc warrior (D:9)
  3 ogres
  5 wolves
  A centaur (D:9)
  A lemure (D:7)
  A kobold brigand (D:6)
  A phantom (D:5)
  Blork the orc (D:5)
  13 bullfrogs
  4 scorpions
  13 killer bees
  5 howler monkeys
  3 electric eels
  3 hounds (D:6)
  2 orc priests
  6 jellies
  3 iron imps (Gauntlet)
  8 orc wizards
  A sleepcap (D:6)
  Ijyb (D:4)
  4 iguanas (D:5)
  Robin (D:3)
  2 gnolls (D:3)
  8 adders
  2 ufetubi (D:6)
  3 dart slugs
  A ribbon worm (D:3)
  25 orcs
  11 endoplasms
  5 giant cockroaches
  15 goblins
  8 hobgoblins
  6 jackals (D:1)
  6 quokkas
  6 ball pythons
  3 bats
  6 frilled lizards
  13 kobolds
  7 rats
365 creatures vanquished.

Notes
Turn   | Place    | Note
-------+----------+-------------------------------------------
     0 | D:1      | howech the Minotaur Berserker began the quest for the Orb.
     0 | D:1      | Reached XP level 1. HP: 19/19 MP: 0/0
    65 | D:1      | Reached XP level 2. HP: 5/27 MP: 1/1
   578 | D:1      | Found a faded altar of an unknown god.
   586 | D:1      | Reached skill level 4 in Axes
   646 | D:1      | Reached XP level 3. HP: 33/33 MP: 2/2
  1089 | D:2      | Identified the +4 mace "Akeogyush" {freeze, *Corrode Int+2
                  | Dex+2}
  1136 | D:2      | Reached ** piety under Trog
  1142 | D:2      | Reached skill level 1 in Shields
  1558 | D:2      | Reached XP level 4. HP: 40/40 MP: 3/3
  1823 | D:3      | Found a runed translucent door.
  1824 | D:3      | Noticed Vadun's ghost (amateur TeFi)
  1835 | D:3      | Found a snail-covered altar of Cheibriados.
  1974 | D:3      | Reached skill level 1 in Evocations
  2157 | D:3      | Noticed Robin
  2179 | D:3      | Reached XP level 5. HP: 44/46 MP: 4/4
  2183 | D:3      | Killed Robin
  2238 | D:3      | Found Inucse's Assorted Antiques.
  2511 | D:4      | Noticed Edmund
  2552 | D:4      | Identified the +7 whip of Wicrop {flame, rC+ Int+3 Dex-3}
  2586 | D:4      | Noticed an ice beast
  2593 | D:4      | Killed an ice beast
  2594 | D:4      | Reached skill level 5 in Axes
  2768 | D:4      | Noticed Ijyb
  2783 | D:4      | Killed Ijyb
  2784 | D:4      | Reached skill level 1 in Maces & Flails
  2784 | D:4      | Reached XP level 6. HP: 43/53 MP: 5/5
  3035 | D:4      | Noticed Eustachio
  3055 | D:4      | Killed Eustachio
  3056 | D:4      | Reached XP level 7. HP: 55/60 MP: 6/6
  3108 | D:4      | Found an ornate altar of the Wu Jian Council.
  3213 | D:4      | Killed Edmund
  3214 | D:4      | Reached skill level 5 in Fighting
  3214 | D:4      | Reached skill level 6 in Axes
  3347 | D:5      | Entered Level 5 of the Dungeon
  3347 | D:5      | Noticed Blork the orc
  3356 | D:5      | Killed Blork the orc
  3611 | D:5      | Reached XP level 8. HP: 65/68 MP: 7/7
  3862 | D:5      | Reached skill level 7 in Axes
  4021 | D:5      | Reached skill level 5 in Armour
  4304 | D:6      | Found a runed translucent door.
  4306 | D:6      | Found a basalt altar of Yredelemnul.
  4629 | D:6      | Found a sparkling altar of Nemelex Xobeh.
  4875 | D:6      | Reached *** piety under Trog
  4876 | D:6      | Reached skill level 5 in Dodging
  4997 | D:6      | Reached skill level 8 in Axes
  5365 | D:7      | Reached XP level 9. HP: 73/77 MP: 8/8
  5400 | D:7      | Noticed Pikel
  5432 | D:7      | Killed Pikel
  5433 | D:7      | Reached skill level 1 in Throwing
  5433 | D:7      | Reached skill level 5 in Shields
  5602 | D:7      | Found a staircase to the Ecumenical Temple.
  5614 | Temple   | Entered the Ecumenical Temple
  5748 | D:7      | Reached skill level 5 in Maces & Flails
  5951 | D:8      | Reached skill level 9 in Axes
  6078 | D:8      | Found a white marble altar of Elyvilon.
  6095 | D:8      | You fall into a shaft and drop 2 floors!
  6095 | D:10     | Entered Level 10 of the Dungeon
  6205 | D:10     | Noticed Nergalle
  6224 | D:10     | Killed Nergalle
  6225 | D:10     | Reached skill level 10 in Axes
  6225 | D:10     | Reached XP level 10. HP: 86/86 MP: 9/9
  6500 | D:10     | Found Nidgh's Antique Weapon Boutique.
  6509 | D:10     | Bought an ancient broad axe for 279 gold pieces
  6509 | D:10     | Identified the +10 broad axe of Conscience {flame, Will-
                  | rCorr Int+4 Dex+3} (You bought it in a shop on level 10 of
                  | the Dungeon)
  6588 | D:10     | Reached skill level 5 in Evocations
  6616 | D:9      | Found a staircase to the Lair.
  6632 | D:9      | Reached skill level 11 in Axes
  6848 | D:8      | Found an iron altar of Okawaru.
  6848 | D:8      | Found a glowing golden altar of the Shining One.
  6855 | D:8      | Found a faded altar of an unknown god.
  6857 | D:8      | Found a faded altar of an unknown god.
  6859 | D:8      | Found a shimmering blue altar of Sif Muna.
  7418 | D:9      | Reached **** piety under Trog
  7570 | D:9      | Found a blossoming altar of Fedhas.
  7574 | D:9      | Found an ancient bone altar of Kikubaaqudgha.
  7810 | D:9      | Noticed a two-headed ogre
  7828 | D:9      | Killed a two-headed ogre
  7829 | D:9      | Reached skill level 5 in Throwing
  8045 | D:9      | Found a faded altar of an unknown god.
  8047 | D:9      | Found a faded altar of an unknown god.
  8047 | D:9      | Found a hazy altar of Hepliaklqana.
  8186 | Lair:1   | Entered Level 1 of the Lair of Beasts
  8186 | Lair:1   | Noticed a cane toad
  8192 | D:9      | Killed a cane toad
  8193 | D:9      | Reached XP level 11. HP: 95/95 MP: 10/10
  8277 | Lair:1   | Reached skill level 12 in Axes
  8425 | Lair:1   | Noticed an oklob plant
  9236 | Lair:1   | Killed an oklob plant
  9569 | Lair:2   | Reached skill level 13 in Axes
  9574 | Lair:2   | Noticed a skyshark
  9584 | Lair:2   | Killed a skyshark
  9616 | Lair:2   | Noticed an oklob plant
  9642 | Lair:2   | Noticed an oklob plant
  9643 | Lair:2   | Found a sacrificial altar of Ru.
  9670 | Lair:2   | Killed an oklob plant
  9835 | Lair:2   | Killed an oklob plant
  9836 | Lair:2   | Reached XP level 12. HP: 71/106 MP: 11/11
  9917 | Lair:2   | Reached skill level 10 in Fighting
 10184 | Lair:3   | Found a staircase to the Shoals.
 10220 | Lair:3   | Found a gate leading to a gauntlet.
 10232 | Gauntlet | Entered a Gauntlet
 10232 | Gauntlet | Found a large runed translucent door.
 10232 | Gauntlet | Found a large runed translucent door.
 10232 | Gauntlet | Found a large runed translucent door.
 10232 | Gauntlet | Found a large runed translucent door.
 10232 | Gauntlet | Found a runed translucent door.
 10232 | Gauntlet | Found a large runed translucent door.
 10232 | Gauntlet | Found a large runed translucent door.
 10232 | Gauntlet | Found a transporter.
 10232 | Gauntlet | Found a transporter.
 10232 | Gauntlet | Found a large runed translucent door.
 10232 | Gauntlet | Found a large runed translucent door.
 10232 | Gauntlet | Found a runed translucent gate.
 10232 | Gauntlet | Found a runed translucent gate.
 10232 | Gauntlet | Found a transporter.
 10232 | Gauntlet | Found a transporter.
 10236 | Gauntlet | Found a transporter.
 10237 | Gauntlet | Found a transporter.
 10239 | Gauntlet | Found a runed translucent gate.
 10239 | Gauntlet | Found a runed translucent door.
 10241 | Gauntlet | Found a large runed translucent door.
 10241 | Gauntlet | Found a large runed translucent door.
 10242 | Gauntlet | Found a large runed translucent door.
 10243 | Gauntlet | Found a large runed translucent door.
 10245 | Gauntlet | Noticed a death yak
 10248 | Gauntlet | Found a transporter.
 10249 | Gauntlet | Noticed a death yak
 10250 | Gauntlet | Noticed a death yak
 10251 | Gauntlet | Noticed a death yak
 10252 | Gauntlet | Found a transporter.
 10256 | Gauntlet | Noticed a catoblepas
 10257 | Gauntlet | Found a transporter.
 10257 | Gauntlet | Found a transporter.
 10265 | Gauntlet | Noticed a catoblepas
 10270 | Gauntlet | Found a transporter.
 10342 | Gauntlet | Found a large runed translucent door.
 10342 | Gauntlet | Found a large runed translucent door.
 10343 | Gauntlet | Found a large runed translucent door.
 10344 | Gauntlet | Found a large runed translucent door.
 10390 | Gauntlet | Found a transporter.
 10496 | Gauntlet | Killed a catoblepas
 10519 | Gauntlet | Identified the amulet of the Solstice {RegenMP rPois Dex-4
                  | SInv}
 10655 | Gauntlet | Identified the +1 pair of gloves "Agehyb" {Harm Str+3
                  | Int-5}
 10783 | Gauntlet | Noticed a minotaur
 10792 | Gauntlet | Killed a minotaur
 10977 | Lair:3   | HP: 5/107 [merfolk/+0 trident (19)]
 11359 | Lair:3   | Reached skill level 14 in Axes
 11625 | Lair:3   | Noticed a five-headed hydra
 11634 | Lair:3   | Killed a two-headed hydra
 11685 | Lair:3   | Found a staircase to the Snake Pit.
 12490 | Lair:4   | Found a staircase to the Slime Pits.
 12535 | Lair:4   | Found a viscous altar of Jiyva.
 13511 | Lair:5   | Entered Level 5 of the Lair of Beasts
 13511 | Lair:5   | Noticed Nessos
 13518 | Lair:4   | Killed Nessos
 13519 | Lair:4   | Reached skill level 10 in Maces & Flails
 13519 | Lair:4   | Reached XP level 13. HP: 115/115 MP: 12/12
 13676 | Lair:5   | Reached skill level 15 in Axes
 14870 | Lair:4   | Slain by a six-headed hydra

Illustrated notes

Levels and vault maps discovered:
D:1:      erik_arrival_orb_chamber, layout_loops_corners,
          shapermc_ecumenical_altar_starsandcircs, minmay_octomino_e4
D:2:      layout_basic, serial_rivers, chequers_serial_rivers_room_b,
          chequers_serial_rivers_micro_c, chequers_serial_rivers_marsh,
          chequers_serial_rivers_room_b, chequers_serial_rivers_micro_c,
          chequers_serial_rivers_micro_b
D:3:      minmay_spotlight, layout_loops_ring, cheibriados_altar_1,
          serial_shops, shop, hellmonk_ghost_happy_afterlife, uniq_robin
D:4:      layout_loops_ring, pdpol_wu_jian_five_deadly_venoms, uniq_eustachio,
          uniq_ijyb, uniq_edmund
D:5:      layout_cave_pods, uniq_blork_the_orc
D:6:      layout_gridville, kennysheep_mini, dk_yredelemnul_ordeal, st_stairs_8,
          minmay_misc_feat_rows, dreamdust_princess_bridge
D:7:      layout_rooms, minmay_temple_entry_offerings, uniq_pikel
D:8:      layout_loops_ring, elyvilon_altar_3,
          chequers_temple_overflow_minitemple
D:9:      layout_small_grid, grunt_temple_overflow_growth_and_decay,
          nicolae_hepliaklqana_ecumenical_no_more, erik_lair_orcish_takeover
D:10:     layout_irregular_city, serial_shops, shop, uniq_sonja, uniq_nergalle
Temple:   bh_familiar_temple
Lair:1:   layout_cave_pods
Lair:2:   layout_long_grid, lemuel_oklob_altar
Lair:3:   layout_regular_city, mainiacjoe_shoals_entry_four_pools,
          minmay_snake_entry_guardpost_small, lightli_volcano_entry_magma_tube,
          gauntlet_entry_generic, chequers_serial_rivers_room_b, minivault_26
Lair:4:   layout_cellular_growth, nicolae_slime_entry_slimehenge, serial_forest,
          infiniplex_forest_clump_long, infiniplex_forest_clump_cross,
          infiniplex_forest_end_3, infiniplex_forest_lined_corner,
          infiniplex_forest_zigzag_1, infiniplex_forest_clump_medium,
          infiniplex_forest_straight_4, serial_bayou_shore_a
Lair:5:   evilmike_catoblepas_cave, layout_regular_city, minivault_23,
          minmay_lair_oklob_bushes, uniq_nessos

Skill      XL: |  1  2  3  4  5  6  7  8  9 10 11 12 13 |
---------------+----------------------------------------+-----
Axes           | 4 5 6 8 10 11 13 14 15 | 15.6
Shields        | 1 2 3 4 5 6 7 9 |  9.0
Armour         | 3 4 5 6 8 9 |  9.3
Fighting       | 4 5 6 7 8 9 10 11 | 11.7
Evocations     | 1 2 3 4 5 6 7 |  7.6
Dodging        | 3 4 5 6 7 8 |  8.5
Maces & Flails | 1 2 3 4 6 7 8 10 | 10.9
Throwing       | 3 5 |  5.0
Spellcasting   | |  0.2

Action                     |  1- 3 |  4- 6 |  7- 9 | 10-12 | 13-15 || total
---------------------------+-------+-------+-------+-------+-------++-------
  Melee: Hand axe          |    90 |    53 |       |       |       ||   143
         Headbutt          |    13 |    11 |    44 |    69 |    42 ||   179
         Whip              |       |    45 |   252 |    29 |       ||   326
         Punch             |       |       |     3 |     8 |       ||    11
         Broad axe         |       |       |       |   340 |   112 ||   452
  Throw: Dart              |       |       |     7 |    21 |     5 ||    33
 Invoke: Berserk           |     1 |     4 |     1 |     6 |     3 ||    15
         Trog's Hand       |       |     3 |     6 |    11 |     3 ||    23
  Evoke: Wand              |       |       |       |     4 |       ||     4
    Use: Scroll            |     2 |     3 |    13 |     6 |       ||    24
         Potion            |       |       |       |     2 |     1 ||     3
 Armour: Animal skin       |    21 |       |       |       |       ||    21
         Chain mail        |    50 |    61 |       |       |       ||   111
         Scale mail        |       |    17 |   165 |   267 |   183 ||   632
  Dodge: Dodged            |    46 |    49 |   134 |   221 |   160 ||   610
